 Dungeon Crawl Stone Soup version 0.28.0 (webtiles) character file.

Game seed: 14546489629587422349

352 AmazingTV the Covered (level 6, 0/56 HPs)
             Began as a Minotaur Fighter on July 11, 2022.
             Succumbed to a water moccasin's poison
             ... on level 7 of the Dungeon.
             The game lasted 00:07:41 (3549 turns).

AmazingTV the Covered (Minotaur Fighter)            Turns: 3549, Time: 00:07:42

Health: 0/56       AC:  8    Str: 21 (22) XL:     6   Next: 34%
Magic:  5/5        EV:  9    Int:  8 (11) God:
Gold:   196        SH:  5    Dex: 16 (18) Spells: 5/5 levels left

rFire   . . .      SeeInvis .   a - +0 flail {mace}
rCold   . . .      Faith    .   c - +0 buckler
rNeg    . . .      Spirit   .   r - +0 scale mail
rPois   .          Reflect  .   l - +1 hat
rElec   .          Harm     .   (no cloak)
rCorr   .          Rampage  .   (no gloves)
Will    .....                   (no boots)
Stlth   +.........              (no amulet)
HPRegen 0.18/turn               e - +6 ring of dexterity
MPRegen 0.09/turn               g - +6 ring of intelligence

@: mighty, lethally poisoned (0 -> -6), flying
A: horns 2, retaliatory headbutt, thin skeletal structure 1
a: no special abilities


You were on level 7 of the Dungeon.
You visited 1 branch of the dungeon, and saw 5 of its levels.

You collected 196 gold pieces.


Innate Abilities, Weirdness & Mutations

You have a pair of horns on your head.
You reflexively headbutt those who attack you in melee.
You have a somewhat thin skeletal structure. (Dex +2, Stealth+)


   Skills:
 + Level 5.0 Fighting
 + Level 4.1 Maces & Flails
 + Level 3.0(3.5) Slings
 + Level 2.5(3.1) Throwing
 + Level 5.0 Armour
 - Level 3.6 Shields


You had 5 spell levels left.
You didn't know any spells.
Your spell library contained the following spells:

 Spells                   Type           Power      Damage    Failure   Level
 Ensorcelled Hibernation  Hex/Ice        0%         N/A       92%         2
 Passwall                 Tmut/Erth      0%         N/A       92%         2
 Swiftness                Air            0%         N/A       99%         3

Inventory:

Hand Weapons
 a - a +0 flail (weapon) {mace}
 b - the +6 hunting sling of Beogh's Regard {vorpal, Str+6 Stlth-, sling}
   (You found it on level 2 of the Dungeon)

   Any ammunition fired from it inflicts extra damage upon your enemies.
   Str:       It affects your strength (+6).
   Stlth:     It makes you less stealthy.
 v - a +2 dagger of venom {short}
   (You found it on level 3 of the Dungeon)
Missiles
 f - 107 stones
 h - 59 arrows
 j - 119 sling bullets
 k - 2 boomerangs
 p - 18 bolts
 u - 6 poisoned darts (quivered)
 B - 2 javelins
Armour
 c - a +0 buckler (worn)
 l - a +1 hat (worn)
   (You found it on level 1 of the Dungeon)
 r - a +0 scale mail (worn)
 t - a +0 cloak
   (You found it on level 4 of the Dungeon)
 y - a +2 buckler
   (You found it on level 4 of the Dungeon)
Magical Staves
 n - a staff of cold {!astaff}
   (You found it on level 1 of the Dungeon)
Jewellery
 e - a +6 ring of dexterity (left hand)
   (You found it on level 1 of the Dungeon)
 g - a +6 ring of intelligence (right hand)
   (You found it on level 1 of the Dungeon)
Scrolls
 s - a scroll of fear {unknown}
 w - a scroll of identify {unknown}
Potions
 m - a potion of lignification {unknown}
 q - 2 potions of degeneration {!q}
 x - a potion of mutation {!q}
 A - a potion of heal wounds {unknown}
 C - a potion of resistance {unknown}

Dungeon Overview and Level Annotations

Branches:
Dungeon (4/15)
 Temple: D:4-7

Altars:

Annotations:
D:4 3 runed translucent doors, Estrea's ghost, amateur DrTm

# ###
..#.#..
.......##
#.@#
.......S#
#
.......(.
..
.......##.
H. .......
.. ##...(.
.. ###.(.
#.. ###.
...


You could see a water moccasin.


Message History

The shaft crumbles and collapses.
No target in view!
A manticore comes into view.
You feel stronger.
b - the +6 hunting sling of Beogh's Regard (weapon)
{vorpal, Str+6 Stlth-, sling} You shoot a stone.
The stone hits the manticore!
The manticore flicks its tail.
The volley of spikes hits you!
The barbed spikes become lodged in your body. 😮 HP[-14]
You take 14 damage, and now have 42/56 hp.
MASSIVE DAMAGE!! (PAUSE)
You are too injured to fight recklessly!
Fire: 108 stones
Press: ? - help, Q - select action, (/) - cycle Shift-Dir - straight line, f/p - manticore
Aim: a manticore (moderately wounded, 77% to hit)
You shoot a stone. The stone hits the manticore.
The manticore flicks its tail.
The volley of spikes hits you!!
The barbed spikes become lodged in your body.
* * * LOW HITPOINT WARNING * * *
😨 HP[-19]
You take 19 damage, and now have 23/56 hp.
MASSIVE DAMAGE!! (PAUSE)
As you read the scroll labelled NIOF REIJY, it crumbles to dust.
You hear a loud clanging noise!
It was a scroll of noise.
You hear two shouts!
You hear a shout! x2; You hear a roar!
You hear an angry hiss. x2
A water moccasin zombie comes into view.
As you read the scroll labelled FOAMU PYNI, it crumbles to dust.
You feel strangely unstable.
It was a scroll of teleportation.
It was a potion of mutation.
You feel extremely strange.
Your bones become slightly less dense.
The manticore flicks its tail.
The volley of spikes misses you. 😨 HP[+1]
a - a +0 flail (weapon)
{mace} Throw: 10 darts (poison)
Press: ? - help, Q - select action, (/) - cycle Shift-Dir - straight line, f/p - manticore
Aim: a manticore (moderately wounded, 74% to hit)
You throw a poisoned dart.
The poisoned dart completely misses the manticore.
The water moccasin zombie bites you but does no damage.
The water moccasin zombie bites you.
* * * LOW HITPOINT WARNING * * *
😨 HP[-3]
You take 3 damage, and now have 21/56 hp.
You sock the water moccasin zombie!
The water moccasin zombie barely misses you.
You furiously retaliate!
You headbutt the water moccasin zombie. You block the manticore's attack.
The manticore claws you.
* * * LOW HITPOINT WARNING * * *
The manticore claws you.
* * * LOW HITPOINT WARNING * * *
😱 HP[-10]
You take 10 damage, and now have 11/56 hp.
It was a potion of flight.
You feel very buoyant.
You fly up into the air.
Your surroundings suddenly seem different.
A water moccasin comes into view.
The barbs in your skin will harm you if you move.
Continue?
Okay, then.
You are too injured to fight recklessly!
Throw: 9 darts (poison)
Press: ? - help, Q - select action, (/) - cycle Shift-Dir - straight line, f - water moccasin
Aim: a water moccasin (48% to hit)
You throw a poisoned dart.
The poisoned dart hits the water moccasin.
Throw: 8 darts (poison)
Press: ? - help, Q - select action, (/) - cycle Shift-Dir - straight line, f/p - water moccasin
Aim: a water moccasin (48% to hit)
You throw a poisoned dart.
The poisoned dart closely misses the water moccasin. 😱 HP[+1] Throw: 7 darts (poison)
Press: ? - help, Q - select action, (/) - cycle Shift-Dir - straight line, f/p - water moccasin
Aim: a water moccasin (48% to hit)
You throw a poisoned dart.
The poisoned dart hits the water moccasin!
You feel very mighty all of a sudden.
You carefully extract the barbed spikes from your body.
The water moccasin bites you!
* * * LOW HITPOINT WARNING * * *
You are lethally poisoned!
The water moccasin poisons you! 😱 HP[-7]
You take 7 damage, and now have 5/56 hp.
You completely miss the water moccasin.
* * * LOW HITPOINT WARNING * * *
You feel very sick.
The water moccasin bites you but does no damage. x2 😱 HP[-3]
You take 3 damage, and now have 2/56 hp.
It was a potion of degeneration.
There was something very wrong with that liquid.
You feel weakened.
You feel dopey.
You feel clumsy.
You die...

Skill      XL: |  1  2  3  4  5  6 |
---------------+-------------------+-----
Slings         | 1 2 3 |  3.0
Fighting       | 4 5 |  5.0
Throwing       | 1 2 |  2.5
Armour         | 4 5 |  5.0
Maces & Flails | 3 4 |  4.1
Shields        | |  3.6

Action                   |  1- 3 |  4- 6 || total
-------------------------+-------+-------++-------
Melee: Flail             |    73 |    44 ||   117
       Headbutt          |     9 |     6 ||    15
 Fire: Hunting sling     |       |    37 ||    37
Throw: Dart              |       |     8 ||     8
       Javelin           |       |     2 ||     2
  Use: Potion            |       |     4 ||     4
       Scroll            |       |     2 ||     2
Armor: Scale mail        |    33 |    27 ||    60
Dodge: Dodged            |    37 |    27 ||    64
Block: Buckler           |    18 |    15 ||    33

Levels and vault maps discovered:
D:1:      wander_arrival_desolate, layout_basic
D:2:      layout_basic, dreamdust_ecumenical_altar_drowned_temple, minivault_11
D:3:      layout_basic
D:4:      layout_basic, minmay_temple_entry_glass, gammafunk_ghost_icy
D:7:      minmay_the_grid_four_pointed_star
          [minmay_the_grid_triangle_9x9_tough_junction,
          minmay_the_grid_triangle_9x9_steps,
          minmay_the_grid_triangle_9x9_thin_v,
          minmay_the_grid_triangle_9x9_longest,
          minmay_the_grid_prize_inner_circle], layout_cave_pools,
          nicolae_qazlal_general_emergency, uniq_joseph

Notes
Turn   | Place    | Note
-------+----------+-------------------------------------------
     0 | D:1      | AmazingTV the Minotaur Fighter began the quest for the Orb.
     0 | D:1      | Reached XP level 1. HP: 19/19 MP: 0/0
     0 | D:1      | magus.rc [v1.9.6]
   586 | D:1      | Reached XP level 2. HP: 26/27 MP: 1/1
  1326 | D:2      | Reached skill level 1 in Slings
  1507 | D:2      | Reached skill level 4 in Fighting
  1507 | D:2      | Reached XP level 3. HP: 33/33 MP: 2/2
  1518 | D:2      | Reached skill level 1 in Throwing
  1535 | D:2      | Identified the +6 hunting sling of Beogh's Regard {vorpal,
                  | Str+6 Stlth-}
  1559 | D:2      | Reached skill level 4 in Armour
  1565 | D:2      | Reached skill level 3 in Maces & Flails
  1591 | D:2      | Found a faded altar of an unknown god.
  2003 | D:3      | Reached XP level 4. HP: 40/40 MP: 3/3
  2051 | D:3      | You pick up a book of Burglary and begin reading...
  2051 | D:3      | You add the spells Passwall, Ensorcelled Hibernation and
                  | Swiftness to your library.
  2914 | D:4      | Noticed an ogre
  2942 | D:4      | Killed an ogre
  2943 | D:4      | Reached skill level 2 in Slings
  2943 | D:4      | Reached skill level 2 in Throwing
  2943 | D:4      | Reached XP level 5. HP: 47/47 MP: 4/4
  3130 | D:4      | Noticed an ice beast
  3130 | D:4      | Noticed Estrea's ghost (amateur DrTm)
  3229 | D:4      | You pick up a book of Burglary and begin reading...
  3241 | D:4      | Found a runed translucent gate.
  3241 | D:4      | Found a runed translucent gate.
  3241 | D:4      | Found a runed translucent gate.
  3260 | D:4      | Reached skill level 4 in Maces & Flails
  3260 | D:4      | Reached XP level 6. HP: 55/55 MP: 5/5
  3309 | D:4      | Reached skill level 5 in Armour
  3312 | D:4      | Reached skill level 3 in Slings
  3507 | D:4      | Reached skill level 5 in Fighting
  3525 | D:4      | You fall into a shaft and drop 3 floors!
  3528 | D:7      | Noticed a manticore
  3539 | D:7      | Gained mutation: You have a somewhat thin skeletal
                  | structure. (Dex +2, Stealth+) [potion of mutation]
  3542 | D:7      | HP: 11/56 [manticore (5)]
  3543 | D:7      | Noticed a water moccasin
  3547 | D:7      | HP: 5/56 [water moccasin (7)]
  3548 | D:7      | HP: 2/56 [poisoned by a water moccasin]
  3549 | D:7      | Succumbed to a water moccasin's poison

Vanquished Creatures
  An ogre (D:4)
  A hound (D:4)
  A gnoll shaman (D:4)
  A centaur skeleton (D:4)
  An orc wizard (D:3)
  3 gnolls (D:4)
  4 adders
  2 worms
  3 dart slugs (D:4)
  2 orcs (D:3)
  4 ball pythons
  10 endoplasms
  2 giant cockroaches
  3 goblins
  2 hobgoblins
  7 jackals
  5 quokkas
  7 bats
  A frilled lizard (D:3)
  10 kobolds
  3 rats
  A spectral goblin (D:2)
74 creatures vanquished.

Table legend:
 A = Non-vault XP
 B = Vault XP
 C = Vault XP percentage of total XP
 D = Non-vault monster count
 E = Vault monster count
 F = Vault count percentage of total count
                 A         B        C        D         E       F
            +---------+---------+-------+---------+---------+-------
      Total |     502 |       1 |   0.2 |      73 |       1 |   1.4
            +---------+---------+-------+---------+---------+-------
        D:1 |      27 |       0 |   0.0 |      17 |       0 |   0.0
        D:2 |      44 |       1 |   2.2 |      18 |       1 |   5.3
        D:3 |      79 |       0 |   0.0 |      16 |       0 |   0.0
        D:4 |     352 |       0 |   0.0 |      22 |       0 |   0.0
            +---------+---------+-------+---------+---------+-------

Illustrated notes

Table legend:
 A = Kills in this place as a percentage of kills in entire the game.
 B = Kills by you in this place as a percentage of kills by you in the entire game.
 C = Kills by friends in this place as a percentage of kills by friends in the entire game.
 D = Other kills in this place as a percentage of other kills in the entire game.
 E = Experience gained in this place as a percentage of experience gained in the entire game.
 F = Experience gained in this place divided by the number of levels of this place that you have seen.
                   A       B       C       D       E      F
               +-------+-------+-------+-------+-------+----------------------
         Total | 100.0 | 100.0 |   N/A |   N/A | 100.0 | 100.6
       Dungeon | 100.0 | 100.0 |   N/A |   N/A | 100.0 | 100.6
               +-------+-------+-------+-------+-------+----------------------

Table legend: (Time is in decaauts)
 A = Elapsed time spent in this place.
 B = Non-inter-level travel time spent in this place.
 C = Inter-level travel time spent in this place.
 D = Time resting spent in this place.
 E = Time spent auto-exploring this place.
 F = Levels seen in this place.
 G = Mean time per level.
                   A        B        C        D        E       F      G
               +--------+--------+--------+--------+--------+-----+--------+
         Total |   3588 |   3479 |    109 |    378 |   2612 |   5 |  717.6 |
       Dungeon |   3588 |   3479 |    109 |    378 |   2612 |   5 |  717.6 |
               +--------+--------+--------+--------+--------+-----+--------+

Top non-repeatable levels by time:
     D:1: 1232 daAuts
     D:3: 917 daAuts
     D:2: 772 daAuts
     D:4: 641 daAuts
     D:7: 23 daAuts
